 Dungeon Crawl Stone Soup version 0.29.0-10-g45618ea6d2 (webtiles) character file.

Game seed: 16765232917974391738

19 NotreDorf the Insei (level 2, -3/21 HPs)
             Began as a Merfolk Transmuter on Sept 1, 2022.
             Slain by a hobgoblin (5 damage)
             ... on level 1 of the Dungeon.
             The game lasted 00:02:06 (269 turns).

NotreDorf the Insei (Merfolk Transmuter)             Turns: 269, Time: 00:02:07

Health: -3/21      AC:  2    Str: 10    XL:     2   Next: 75%
Magic:  4/5        EV: 13    Int: 12    God:
Gold:   0          SH:  0    Dex: 14    Spells: 4/5 levels left

rFire   . . .      SeeInvis .     - Unarmed
rCold   . . .      Faith    .   (no shield)
rNeg    . . .      Spirit   .   a - +0 robe
rPois   .          Reflect  .   (helmet currently unavailable)
rElec   .          Harm     .   (no cloak)
rCorr   .          Rampage  .   (no gloves)
Will    .....                   (boots currently unavailable)
Stlth   +.........              (no amulet)
HPRegen 0.07/turn               (no ring)
MPRegen 0.09/turn               (no ring)

@: appendages
A: horns 2, (nimble swimmer 2), mertail
a: End Transformation


You were on level 1 of the Dungeon.
You had temporarily grown beastly horns.
You visited 1 branch of the dungeon, and saw 1 of its levels.

Inventory:

Hand Weapons
 e - a +0 falchion
Armour
 a - a +0 robe (worn)
Scrolls
 c - a scroll of identify {unknown}
 d - a scroll of enchant armour {unknown}
Potions
 b - a potion of lignification


   Skills:
 + Level 1.5 Fighting
 + Level 3.1 Dodging
 + Level 3.5 Unarmed Combat
 + Level 2.2 Spellcasting
 + Level 3.1 Transmutations


You had 4 spell levels left.
You knew the following spells:

 Your Spells              Type           Power      Damage    Failure   Level
a - Beastly Appendage     Tmut           16%        N/A       8%          1

Your spell library contained the following spells:

 Spells                   Type           Power      Damage    Failure   Level
 Wereblood                Tmut           8%         N/A       12%         2
 Spider Form              Tmut/Pois      5%         N/A       38%         3
 Ice Form                 Ice/Tmut       5%         N/A       80%         4


Dungeon Overview and Level Annotations

Branches:
Dungeon (1/15)

Altars:


Innate Abilities, Weirdness & Mutations

You have temporarily grown beastly horns.
((You are very nimble when in or above water. (Stealth+, EV+, Speed+++)))
Your lower body shifts to a powerful aquatic tail in water.


Message History

You hit the quokka.
You kill the quokka!
You closely miss the ball python. The ball python misses you.
The ball python grabs you. The ball python constricts you.
* * * LOW HITPOINT WARNING * * *
You hit the ball python but do no damage.
The ball python bites you.
* * * LOW HITPOINT WARNING * * *
The ball python constricts you.
* * * LOW HITPOINT WARNING * * *
You hit the ball python.
You kill the ball python!
Things that are here:
a +0 short sword; a ball python corpse
Things that are here:
a +0 club; a goblin corpse Your transformation is almost over.
Your horns disappear.
A hobgoblin is nearby!
You see here a jackal corpse.
Things that are here:
a +0 club; a goblin corpse You start resting.
A hobgoblin is nearby!
The hobgoblin shouts!
The hobgoblin throws a stone.
The stone hits you.
* * * LOW HITPOINT WARNING * * *
You start resting.
A hobgoblin is nearby!
Casting: Beastly Appendage (safe; 8% risk of failure)
Confirm with . or Enter, or press ? or * to list all spells.
You grow a pair of large bovine horns.
The hobgoblin throws a stone.
The stone closely misses you. The hobgoblin misses you.
You closely miss the hobgoblin.
The hobgoblin hits you but does no damage.
You hit the hobgoblin but do no damage. The hobgoblin hits you.
* * * LOW HITPOINT WARNING * * *
You closely miss the hobgoblin. The hobgoblin hits you.
You die...

..g ######......#.###.#
.... #.#...)##.....#H#.#
..... #.+..g)†).....###.#
..>..####.#....##....##V#.#
....#.........###....####.#
#.............# #....##x#.#
#.............# #....####.#
#.......#g#######....##h#.#
#...#+#...@.# #...#######.#
... #.....###......##B#.# #
#..†...†h......####.#
#........##....##6#.#
#........##....####.#
#........##....##H#.#
...#.##...##....####'#
#####.##....'.......#.# ..
###.##....#....#


You could see a hobgoblin.

Vanquished Creatures
  A dart slug (D:1)
  A goblin (D:1)
  A hobgoblin (D:1)
  7 jackals (D:1)
  2 kobolds (D:1)
  A quokka (D:1)
  A ball python (D:1)
14 creatures vanquished.

Notes
Turn   | Place    | Note
-------+----------+-------------------------------------------
     0 | D:1      | NotreDorf the Merfolk Transmuter began the quest for the
                  | Orb.
     0 | D:1      | Reached XP level 1. HP: 15/15 MP: 3/3
     2 | D:1      | Noticed a troll
     2 | D:1      | Noticed a naga
     4 | D:1      | Noticed a demigod
     4 | D:1      | Noticed a draconian
     6 | D:1      | Noticed a ghoul
     8 | D:1      | Noticed a palentonga
    11 | D:1      | Noticed an ogre
    11 | D:1      | Noticed a gargoyle
    13 | D:1      | Noticed a human
    15 | D:1      | Noticed a minotaur
    15 | D:1      | Noticed an elf
    17 | D:1      | Noticed a vampire
    17 | D:1      | Noticed a meteoran
    19 | D:1      | Noticed an octopode
    19 | D:1      | Noticed a merfolk
    21 | D:1      | Noticed a felid
    21 | D:1      | Noticed a tengu
    23 | D:1      | Noticed a formicid
    23 | D:1      | Noticed a spriggan
    25 | D:1      | Noticed a demonspawn
    27 | D:1      | Noticed a minotaur
   100 | D:1      | Reached XP level 2. HP: 13/21 MP: 3/5
   155 | D:1      | HP: 1/21 [constriction (1)]
   269 | D:1      | Slain by a hobgoblin

Illustrated notes

Levels and vault maps discovered:
D:1:      kb_arrival_jail, layout_basic

Skill      XL: |  1  2 |
---------------+-------+-----
Dodging        | 3 |  3.1
Transmutations | 3 |  3.1
Fighting       | |  1.5
Unarmed Combat | |  3.5
Spellcasting   | |  2.2

Action                   || total
-------------------------++-------
Melee: Unarmed           ||    46
       Headbutt          ||     4
 Cast: Beastly Appendage ||     4
Armor: Robe              ||    15
Dodge: Dodged            ||    38
